 Dungeon Crawl Stone Soup version 0.31-a0-441-g867994ef1c (webtiles) character file.

Game seed: 10213061707121119916

494 Adrian566 the Slasher (level 6, -2/47 HPs)
             Began as a Demonspawn Gladiator on Aug 3, 2023.
             Slain by an orc warrior
             ... wielding a +0 dire flail
              (4 damage)
             ... on level 4 of the Dungeon.
             The game lasted 00:07:07 (4234 turns).

Adrian566 the Slasher (Demonspawn Gladiator)        Turns: 4234, Time: 00:07:07

Health: -2/47      AC:  7    Str: 14    XL:     6   Next: 92%
Magic:  0/6        EV: 13    Int: 10    God:
Gold:   1047       SH:  0    Dex: 16    Spells: 5/5 levels left

rFire   . . .        a - +1 long sword
rCold   + . .        (no shield)
rNeg    . . .        g - +2 leather armour {rC+}
rPois   .            c - +0 helmet
rElec   .            (no cloak)
rCorr   .            (no gloves)
SInv    .            i - +0 pair of boots
Will    .....        l - amulet of guardian spirit
Stlth   ++           (no ring)
HPRegen 0.27/turn    (no ring)
MPRegen 0.10/turn

%: guardian spirit
@: no status effects
A: ignite blood 1
a: no special abilities


You were on level 4 of the Dungeon.
You visited 1 branch of the dungeon, and saw 5 of its levels.
You also visited: Sewer.

You collected 1047 gold pieces.

Inventory:

Hand Weapons
 a - a +1 long sword (weapon)
Missiles
 d - 4 throwing nets (quivered)
 e - a javelin
Armour
 c - a +0 helmet (worn)
 g - a +2 leather armour of cold resistance (worn)
 i - a +0 pair of boots (worn)
Jewellery
 l - an amulet of guardian spirit (around neck)
Talismans
 b - a maw talisman
Scrolls
 f - 3 scrolls of identify
 h - 4 scrolls of enchant armour


   Skills:
 + Level 3.2 Fighting
 + Level 5.1 Long Blades
 + Level 2.1 Throwing
 + Level 2.3 Armour
 + Level 3.7 Dodging
 + Level 1.7 Stealth


You had 5 spell levels left.
You didn't know any spells.
Your spell library was empty.

Dungeon Overview and Level Annotations

Branches:
Dungeon (5/15)              Sewer (visited)
 Temple: D:4-7

Altars:
Qazlal
Xom

Shops:
D:1 [   D:2 *   D:4 :


Innate Abilities, Weirdness & Mutations

Your demonic aura sometimes causes spilled blood to erupt in flames.


Message History

An orc comes into view.
It is wielding a +1 flail of protection.
The orc warrior shouts!
You hear an angry hiss.
There are monsters nearby!
There are monsters nearby!
There are monsters nearby!
A ball python comes into view.
There is an open door here.
A kobold comes into view. It is wielding a +0 short sword.
The kobold shouts!
There is an open door here.
The orc shouts!
You hit the orc warrior but do no damage.
The orc warrior hits you with a +0 dire flail.
You hit the orc warrior.
The orc warrior is lightly wounded.
The ball python completely misses you. The ball python grabs you.
The ball python constricts you.
The orc warrior hits you with a +0 dire flail!
The ball python barely misses you. The ball python constricts you.
You escape the ball python's grasp.
You hit the orc warrior.
The orc warrior is lightly wounded.
You slash the ball python!
You kill the ball python!
The orc warrior hits you with a +0 dire flail!
The orc warrior hits you with a +0 dire flail!
* * * LOW HITPOINT WARNING * * *
The orc warrior hits you but does no damage.
The orc warrior attacks as you move away!
The orc warrior barely misses you.
The orc warrior attacks as you move away!
The orc warrior hits you with a +0 dire flail!
* * * LOW HITPOINT WARNING * * *
Okay, then.
You aren't carrying any potions.
The orc warrior attacks as you move away!
The orc warrior hits you but does no damage.
The orc warrior attacks as you move away!
The orc warrior hits you with a +0 dire flail.
You die...

......K.#......#....#
.#...#.##K##+###..#.# .
#...........# #..#.#
..#...#.##.##o###..#.#
........##.##o##...#>##.##
......#.##.##K.....).....###
##.......................#
......#.##.##o##.#.#.#...###
..##.##.##..#@##.........#
#.##.##..#.##.#.......#
#..........##.#.#.....#
#.##.##....##.........# #
##.##...#####.#.....# .
#.............#....##
....#..##...#####.#....#
.......)..........#....#
.####..##..............#


You could see an orc warrior, 2 orcs and a kobold.

Vanquished Creatures
  Sigmund (D:2)
  An orc priest (D:3)
  A gnoll bouda (D:4)
  8 gnolls
  7 adders
  5 river rats (Sewer)
  3 worms
  3 dart slugs
  3 orcs (D:3)
  8 endoplasms
  3 giant cockroaches
  4 goblins
  2 hobgoblins (D:3)
  5 jackals (Sewer)
  7 kobolds
  2 quokkas (D:1)
  13 ball pythons
  A bat (D:1)
  11 frilled lizards
  10 rats
98 creatures vanquished.

Vanquished Creatures (others)
  A jackal (D:3)
  A rat (D:3)
2 creatures vanquished.

Grand Total: 100 creatures vanquished

Notes
Turn   | Place    | Note
-------+----------+-------------------------------------------
     0 | D:1      | Adrian566 the Demonspawn Gladiator began the quest for the
                  | Orb.
     0 | D:1      | Reached XP level 1. HP: 16/16 MP: 1/1
   203 | D:1      | Gained mutation: Your demonic aura sometimes causes spilled
                  | blood to erupt in flames. [demonic ancestry]
   203 | D:1      | Reached XP level 2. HP: 22/22 MP: 2/2
   282 | D:1      | Found Uczarych's Armour Boutique.
   506 | D:2      | Found Nikk's Assorted Antiques.
   538 | D:2      | Reached skill level 3 in Long Blades
   703 | D:2      | Reached XP level 3. HP: 28/28 MP: 3/3
   765 | D:2      | Noticed Sigmund
   768 | D:2      | Killed Sigmund
   769 | D:2      | Reached skill level 4 in Long Blades
   769 | D:2      | Reached skill level 1 in Armour
   769 | D:2      | Reached XP level 4. HP: 20/34 MP: 4/4
   769 | D:2      | Reached XP level 5. HP: 23/40 MP: 5/5
  1305 | D:3      | Identified a scroll of acquirement
  1309 | D:3      | Acquired 850 gold pieces
  1334 | D:3      | Found a shimmering altar of Xom.
  1394 | D:3      | Found a faded altar of an unknown god.
  1555 | D:3      | Found a glowing drain.
  1585 | Sewer    | Entered a sewer
  1598 | Sewer    | Reached skill level 1 in Stealth
  1769 | Sewer    | Reached XP level 6. HP: 14/47 MP: 4/6
  3045 | D:3      | Found a stormy altar of Qazlal.
  3588 | D:4      | Found Weynai's Self-Published Books.
  3662 | D:4      | Noticed an orc warrior
  3780 | D:5      | Entered Level 5 of the Dungeon
  3816 | D:4      | Reached skill level 5 in Long Blades
  3835 | D:4      | HP: 2/47 [gnoll/+0 whip[a gnoll bouda] (3)]
  4231 | D:4      | HP: 1/47 [orc warrior/+0 dire flail (8)]
  4234 | D:4      | Slain by an orc warrior

Illustrated notes

Levels and vault maps discovered:
D:1:      tarquinn_simple_flora_water_f, layout_basic, serial_shops, shop
D:2:      layout_basic, serial_shops, shop, uniq_sigmund
D:3:      layout_loops_ring, xom_confusion_cloud,
          nicolae_qazlal_scattered_showers, cheibrodos_sewer_entry_bend,
          basic_ecumenical_altar
D:4:      layout_basic, evilmike_ruin_ashenzari, nicolae_custom_books,
          uniq_robin
D:5:      dreamdust_elfheim, layout_rooms, mainiacjoe_overflow_24_doors,
          lemuel_round_altar

Skill      XL: |  1  2  3  4  5  6 |
---------------+-------------------+-----
Dodging        | 3 |  3.7
Throwing       | 2 |  2.1
Long Blades    | 3 4 5 |  5.1
Armour         | 1 2 |  2.3
Stealth        | 1 |  1.7
Fighting       | 3 |  3.2

Action                     |  1- 3 |  4- 6 || total
---------------------------+-------+-------++-------
  Melee: Long sword        |    50 |   281 ||   331
         Punch             |       |     5 ||     5
         Maw               |       |     1 ||     1
Ability: Begin Untransform |       |     1 ||     1
    Use: Scroll            |       |    10 ||    10
         Potion            |       |     4 ||     4
   Stab: Sleeping          |     2 |     3 ||     5
         Invisible         |       |     1 ||     1
 Armour: Leather armour    |    18 |    67 ||    85
         Skin              |       |     5 ||     5
  Dodge: Dodged            |    34 |   184 ||   218
   Form: Maw               |       |     1 ||     1

Table legend: (Time is in decaauts)
 A = Elapsed time spent in this place.
 B = Non-inter-level travel time spent in this place.
 C = Inter-level travel time spent in this place.
 D = Time resting spent in this place.
 E = Time spent auto-exploring this place.
 F = Levels seen in this place.
 G = Mean time per level.
                   A        B        C        D        E       F      G
               +--------+--------+--------+--------+--------+-----+--------+
         Total |   4436 |   4300 |    136 |    363 |   2819 |   6 |  739.3 |
       Dungeon |   3385 |   3249 |    136 |    363 |   2053 |   5 |  677.0 |
         Sewer |   1050 |   1050 |      0 |      0 |    766 |   1 | 1050.0 |
               +--------+--------+--------+--------+--------+-----+--------+

Top non-repeatable levels by time:
     D:3: 1256 daAuts
   Sewer: 1050 daAuts
     D:4: 807 daAuts
     D:2: 805 daAuts
     D:1: 513 daAuts
     D:5: 1 daAuts
